 Dungeon Sprint DCSS version 0.30-a0-605-gb2882149bf (webtiles) character file.

Game seed: 17247223444729529984

4958 NinjaNoafa the Slicer (level 10, -8/133 HPs)
             Began as a Merfolk Gladiator on Jan 8, 2023.
             Was a High Priest of Uskayaw.
             Mangled by a death cob (16 damage)
             ... in the Dungeon (Sprint VII: "The Pits").
             The game lasted 00:09:33 (963 turns).

NinjaNoafa the Slicer (Merfolk Gladiator)            Turns: 963, Time: 00:09:34

Health: -8/133     AC: 15    Str: 16    XL:     10   Next: 53%
Magic:  17/17      EV: 21    Int:  7    God:    Uskayaw [*****.]
Gold:   0          SH:  6    Dex: 19    Spells: 9/9 levels left

rFire   . . .      SeeInvis .    s - +2 rapier (venom)
rCold   . . .      Faith    .    r - +0 buckler
rNeg    . . .      Spirit   .    n - +5 ring mail
rPois   .          Reflect  .    c - +0 helmet
rElec   .          Harm     .    (no cloak)
rCorr   .          Rampage  .    (no gloves)
Will    .....      NoTele   +    (no boots) Stlth
                                 (no amulet)
HPRegen 0.42/turn                k - +3 ring of evasion
MPRegen 0.15/turn                q - +3 ring of protection

@: berserking (expiring), weak-willed, slowed
A: (nimble swimmer 2), mertail
a: Renounce Religion, Stomp, Line Pass, Grand Finale


You were in the Dungeon.
You worshipped Uskayaw.
Uskayaw was aware of your devotion.
You visited 1 branch

Inventory:

Hand Weapons
 s - a +2 rapier of venom (weapon)
Missiles
 d - 2 throwing nets
 e - 6 javelins (quivered)
 p - 13 stones
Armour
 c - a +0 helmet (worn)
 n - a +5 ring mail (worn)
 r - a +0 buckler (worn)
Jewellery
 k - a +3 ring of evasion (left hand)
 q - a +3 ring of protection (right hand)
Scrolls
 m - 5 scrolls of amnesia
 o - a scroll of vulnerability
Potions
 a - a potion of invisibility
 b - 2 potions of mutation
 f - 4 potions of curing
 g - 4 potions of heal wounds
 h - 3 potions of haste
 i - 4 potions of magic
 j - 2 potions of berserk rage


   Skills:
 + Level 12.2 Fighting
 - Level 14.0 Short Blades
 - Level 2.7 Throwing
 - Level 6.0 Armour
 + Level 12.3 Dodging
 - Level 12.0 Stealth
 - Level 6.0 Shields
 - Level 10.0 Invocations


You had 9 spell levels left.
You didn't know any spells.
Your spell library was empty.

Dungeon Overview and Level Annotations

Branches:
Dungeon (1/1)

Altars:
Ashenzari
Cheibriados
Dithmenos
Elyvilon
Fedhas
Gozag
Hepliaklqana
Kikubaaqudgha
Makhleb
Nemelex Xobeh
Okawaru
Qazlal
Ru
Sif Muna
Trog
Uskayaw
Vehumet
Wu Jian
Xom
Yredelemnul
Zin
The Shining One
Jiyva
Lugonu


Innate Abilities, Weirdness & Mutations

((You are very nimble when in or above water. (Stealth+, EV+, Speed+++)))
Your lower body shifts to a powerful aquatic tail in water.


Message History

Your Fighting skill increases to level 12!
Your Short Blades skill increases to level 9!
Your Armour skill increases to level 6!
You have reached level 10!
You feel stronger.
The helpless manticore fails to defend itself.
You perforate the manticore like a sieve!!!!
You kill the manticore!
The fire elemental is no longer paralysed.
You block the fire elemental's attack.
Your Short Blades skill increases to level 10!
The helpless Frances fails to defend herself.
You perforate Frances like a sieve!!!!
You kill Frances!
The neqoxec disappears in a puff of smoke!
The ynoxinul disappears in a puff of smoke!
The death cob is no longer paralysed.
The death cob hits you but does no damage.
You block the fire elemental's attack.
Uskayaw will force your foes to share their pain.
Uskayaw links your audience in an emotional bond!
Training target 14.0 for Short Blades reached!
Your Short Blades skill gained 4 levels and is now at level 14!
You need to enable at least one skill for training.
The helpless tyrant leech fails to defend itself.
You stick the tyrant leech like a pincushion!!!!!
You destroy the fire elemental!
The fire elemental disappears in a puff of smoke!
You destroy the fire elemental!
The fire elemental disappears in a puff of smoke!
You kill the adder!
You kill the tyrant leech!
The death cob hits you!
* * * LOW HITPOINT WARNING * * *
The death cob drains your vigour!
You feel yourself slow down.
You can now merge with and destroy a victim.
You hit the death cob.
The death cob is lightly damaged.
The deep elf pyromancer is no longer paralysed.
The death cob hits you!
You die...

..# ##...##...#
..####.....##.##
...##......#...#
#
....)).....'..○+
.+
...##))...☼#..°#
..#
..####.....##e##
#.# ..#
##.†.##††°###..#
..##.
##)##...E§#)..#
..#
#Y.#'#....°†@†§#
..#
#......###§§z##
## ########
#####


You could see a death cob (pain bonded), a deep elf pyromancer (weak-willed,
pain bonded) and a fire elemental (summoned, paralysed, pain bonded).

Vanquished Creatures
  Frances (D)
  Urug (D)
  A manticore (D)
  An elephant (D)
  An unseen horror (D)
  2 freezing wraiths (D)
  An efreet (D)
  2 tyrant leeches (D)
  A tarantella (D)
  A swamp drake (D)
  A sky beast (D)
  A centaur (D)
  A bullfrog (D)
  A scorpion (D)
  2 necrophages (D)
  A gnoll sergeant (D)
  4 wights (D)
  A crimson imp (D)
  An orc priest (D)
  An iguana (D)
  2 adders (D)
  An ufetubus (D)
  An adder zombie (D)
  5 orcs (D)
  2 bats (D)
  A bat skeleton (D)
  A goblin (D)
  4 jackals (D)
  A ball python (D)
  A ball python zombie (D)
  A kobold (D)
46 creatures vanquished.

Vanquished Creatures (others)
  A sea snake (D)
  A snapping turtle (D)
2 creatures vanquished.

Grand Total: 48 creatures vanquished

Notes
Turn   | Place    | Note
-------+----------+-------------------------------------------
     0 | D        | NinjaNoafa the Merfolk Gladiator began the quest for the
                  | Orb.
     0 | D        | Reached XP level 1. HP: 16/16 MP: 1/1
    44 | D        | Found a bloodstained altar of Trog.
    44 | D        | Found a shimmering blue altar of Sif Muna.
    44 | D        | Found a viscous altar of Jiyva.
    44 | D        | Found a hazy altar of Hepliaklqana.
    44 | D        | Found an opulent altar of Gozag.
    45 | D        | Found a glowing golden altar of the Shining One.
    45 | D        | Found a glowing silver altar of Zin.
    45 | D        | Found a basalt altar of Yredelemnul.
    45 | D        | Found a shimmering altar of Xom.
    45 | D        | Found an ornate altar of the Wu Jian Council.
    45 | D        | Found a sacrificial altar of Ru.
    45 | D        | Found a stormy altar of Qazlal.
    45 | D        | Found an iron altar of Okawaru.
    45 | D        | Found a sparkling altar of Nemelex Xobeh.
    45 | D        | Found a burning altar of Makhleb.
    45 | D        | Found a blossoming altar of Fedhas.
    45 | D        | Found a white marble altar of Elyvilon.
    45 | D        | Found a shadowy altar of Dithmenos.
    45 | D        | Found a snail-covered altar of Cheibriados.
    46 | D        | Found a radiant altar of Vehumet.
    46 | D        | Found a corrupted altar of Lugonu.
    47 | D        | Found a hide-covered altar of Uskayaw.
    47 | D        | Found an ancient bone altar of Kikubaaqudgha.
    47 | D        | Found a broken altar of Ashenzari.
    55 | D        | Became a worshipper of Uskayaw the Reveller
    74 | D        | Reached * piety under Uskayaw
    75 | D        | Reached skill level 1 in Stealth
    80 | D        | Reached ** piety under Uskayaw
    81 | D        | Reached skill level 4 in Short Blades
    81 | D        | Reached skill level 1 in Invocations
   104 | D        | Reached XP level 2. HP: 10/24 MP: 1/3
   175 | D        | Reached *** piety under Uskayaw
   176 | D        | Reached skill level 5 in Dodging
   177 | D        | Reached skill level 5 in Short Blades
   177 | D        | Reached XP level 3. HP: 30/30 MP: 3/5
   291 | D        | Noticed a centaur
   291 | D        | Noticed a necrophage
   309 | D        | Killed a necrophage
   309 | D        | Reached **** piety under Uskayaw
   310 | D        | Reached skill level 5 in Fighting
   310 | D        | Reached skill level 6 in Short Blades
   310 | D        | Reached XP level 4. HP: 39/39 MP: 5/7
   313 | D        | Reached XP level 5. HP: 44/44 MP: 5/8
   314 | D        | Killed a centaur
   314 | D        | Reached ***** piety under Uskayaw
   315 | D        | Reached skill level 7 in Short Blades
   315 | D        | Reached skill level 5 in Invocations
   315 | D        | Reached XP level 6. HP: 52/52 MP: 5/10
   371 | D        | Reached skill level 1 in Shields
   387 | D        | Noticed a snapping turtle
   387 | D        | Noticed a swamp drake
   388 | D        | Noticed a sky beast
   417 | D        | Killed a snapping turtle
   418 | D        | Reached skill level 8 in Short Blades
   418 | D        | Reached XP level 7. HP: 60/60 MP: 10/12
   560 | D        | Noticed a tyrant leech
   561 | D        | Noticed a freezing wraith
   572 | D        | Reached skill level 10 in Dodging
   580 | D        | Killed a tyrant leech
   581 | D        | Reached skill level 1 in Armour
   581 | D        | Reached XP level 8. HP: 57/69 MP: 12/14
   601 | D        | Killed a freezing wraith
   602 | D        | Reached skill level 5 in Shields
   757 | D        | Noticed a freezing wraith
   757 | D        | Noticed an efreet
   773 | D        | Killed a freezing wraith
   774 | D        | Reached skill level 10 in Stealth
   779 | D        | Killed an efreet
   780 | D        | Reached XP level 9. HP: 70/78 MP: 14/16
   794 | D        | Killed an unseen horror
   795 | D        | Reached skill level 10 in Fighting
   878 | D        | Noticed Urug
   879 | D        | Noticed an elephant
   883 | D        | Noticed a sea snake
   888 | D        | Noticed a deep elf pyromancer
   891 | D        | Reached skill level 10 in Invocations
   901 | D        | Killed Urug
   902 | D        | Reached skill level 5 in Armour
   914 | D        | Noticed a tarantella
   917 | D        | Noticed a tyrant leech
   936 | D        | Killed a tarantella
   952 | D        | Noticed Frances
   952 | D        | Noticed a manticore
   954 | D        | Noticed a death cob
   959 | D        | Killed an elephant
   959 | D        | Killed a sea snake
   960 | D        | Reached skill level 9 in Short Blades
   960 | D        | Reached XP level 10. HP: 16/89 MP: 17/17
   960 | D        | Killed a manticore
   961 | D        | Reached skill level 10 in Short Blades
   961 | D        | Killed Frances
   962 | D        | Reached skill level 14 in Short Blades
   963 | D        | Mangled by a death cob

Illustrated notes

Levels and vault maps discovered:
D:        pitsprint [storerooms_1, entrance_room_1, metal_vault_3, armoury_1,
          mini_pit_1, grid_room_1, main_hall_1, silver_pit, the_coven_3,
          the_vestibule_1, steel_vault_3, golden_pit, hallway_of_sentries,
          crystal_vault_4, iron_vault_2, final_vault]

Skill      XL: |  1  2  3  4  5  6  7  8  9 10 |
---------------+-------------------------------+-----
Stealth        | 2 3 4 6 8 9 10 12 | 12.0
Short Blades   | 4 5 6 7 8 9 14 | 14.0
Invocations    | 1 3 4 5 6 8 9 10 | 10.0
Fighting       | 3 4 5 6 7 8 9 12 | 12.2
Dodging        | 5 6 8 9 10 11 12 | 12.3
Shields        | 2 4 6 |  6.0
Armour         | 1 3 6 |  6.0
Throwing       | |  2.7

Action                   |  1- 3 |  4- 6 |  7- 9 | 10-12 || total
-------------------------+-------+-------+-------+-------++-------
Melee: Dagger            |    54 |    33 |     6 |       ||    93
       Rapier            |     4 |       |    88 |     4 ||    96
Throw: Javelin           |     1 |       |     1 |       ||     2
       Throwing net      |       |       |     3 |       ||     3
  Use: Potion            |     1 |     2 |    10 |       ||    13
       Scroll            |       |     2 |     1 |       ||     3
 Stab: Paralysed         |     3 |       |     5 |     3 ||    11
       Sleeping          |       |     4 |     1 |       ||     5
       Confused          |       |     1 |     1 |       ||     2
       Held in net/web   |       |       |     2 |       ||     2
       Invisible         |       |       |     2 |       ||     2
Armor: Leather armour    |    16 |     3 |     1 |       ||    20
       Ring mail         |       |       |    47 |     1 ||    48
Dodge: Dodged            |    62 |    14 |   114 |       ||   190
Block: Buckler           |       |       |    32 |     2 ||    34

Table legend: (Time is in decaauts)
 A = Elapsed time spent in this place.
 B = Non-inter-level travel time spent in this place.
 C = Inter-level travel time spent in this place.
 D = Time resting spent in this place.
 E = Time spent auto-exploring this place.
 F = Levels seen in this place.
 G = Mean time per level.
                   A        B        C        D        E       F      G
               +--------+--------+--------+--------+--------+-----+--------+
         Total |    938 |    938 |      0 |     94 |    434 |   1 |  938.0 |
       Dungeon |    938 |    938 |      0 |     94 |    434 |   1 |  938.0 |
               +--------+--------+--------+--------+--------+-----+--------+

Top non-repeatable levels by time:
       D: 938 daAuts
